 Dungeon Crawl Stone Soup version 0.32-a0-872-g59262bdc9b (webtiles) character file.

Game seed: 11691779996708958886

169 onwiheg the Cudgeller (level 5, -2/41 HPs)
             Began as a Formicid Berserker on Mar 30, 2024.
             Was a Believer of Trog.
             Slain by Robin
             ... wielding a +0 falchion of electrocution
              (6 damage)
             ... on level 2 of the Dungeon.
             The game lasted 00:03:47 (905 turns).

onwiheg the Cudgeller (Formicid Berserker)           Turns: 905, Time: 00:03:47

Health: -2/41      AC:  7    Str: 23    XL:     5   Next: 79%
Magic:  5/5        EV: 19    Int:  7    God:    Trog [**....]
Gold:   25         SH:  0    Dex: 13    Spells: 4/4 levels left

rFire   . . .        a - +0 mace
rCold   . . .        (no shield)
rNeg    . . .        f - +0 scale mail
rPois   .            (helmet unavailable)
rElec   .            n - +0 cloak
rCorr   .            (no gloves)
SInv    +            (no boots)
Will    .....        (no amulet) Stlth
                     d - +5 ring of evasion
HPRegen 0.26/turn    l - +5 ring of evasion
MPRegen 0.09/turn

%: no passive effects
@: no status effects
A: permanent stasis, dig shafts and tunnels, antennae 3, four strong arms
a: Dig, Shaft Self, Renounce Religion, Trog's Hand


You were on level 2 of the Dungeon.
You worshipped Trog.
Trog was pleased with you.
You visited 1 branch of the dungeon, and saw 2 of its levels.

You collected 25 gold pieces.

Inventory:

Hand Weapons
 a - a +0 mace (weapon)
Armour
 b - a +0 animal skin
 f - a +0 scale mail (worn)
 n - a +0 cloak (worn)
 o - a +0 chain mail
Jewellery
 d - a +5 ring of evasion (left hand)
 l - a +5 ring of evasion (right hand)
Scrolls
 g - a scroll of enchant weapon {unknown}
 i - a scroll of teleportation {unknown}
 k - 3 scrolls of fear {unknown}
 m - a scroll of noise {unknown}
Potions
 c - a potion of heal wounds {unknown}
 e - 3 potions of degeneration {unknown}
 h - 3 potions of ambrosia {unknown}
 j - 2 potions of curing {unknown}


   Skills:
 - Level 3.2 Fighting
 + Level 6.0 Maces & Flails
 - Level 2.1 Armour
 - Level 1.7 Dodging


You had 4 spell levels left.
You didn't know any spells.
Your spell library was empty.

Dungeon Overview and Level Annotations

Branches:
Dungeon (2/15)

Altars:

Shops:
D:2 :

Annotations:
D:2 Robin


Innate Abilities, Weirdness & Mutations

You cannot be hasted, slowed, berserked, paralysed or teleported.
You can dig through walls and to a lower floor.
You have a pair of large antennae on your head. (SInv)
Your four strong arms can wield two-handed weapons with a shield.


Message History

The black bear is almost dead.
The black bear bites you!
* * * LOW HITPOINT WARNING * * *
The black bear barely misses you. The black bear completely misses you.
The black bear barely misses you. The black bear closely misses you.
The black bear claws you but does no damage.
You hit the black bear but do no damage.
The black bear is almost dead.
The black bear misses you. The black bear closely misses you. x2
The black bear misses you. The black bear claws you.
* * * LOW HITPOINT WARNING * * *
The black bear completely misses you.
You barely miss the black bear.
The black bear is almost dead.
The hobgoblin no longer looks unusually strong.
The black bear closely misses you. The black bear claws you.
* * * LOW HITPOINT WARNING * * *
The black bear claws you.
* * * LOW HITPOINT WARNING * * *
You hit the black bear.
You kill the black bear!
Trog accepts your kill.
Your Maces & Flails skill increases to level 6!
You have reached level 5!
You hit Robin.
Robin is lightly wounded.
Robin closely misses you.
You barely miss Robin.
Robin is lightly wounded.
Robin misses you.
You thump Robin!
Robin is severely wounded.
Robin roars a battlecry!
The hobgoblin goes into a battle-frenzy!
You hit Robin but do no damage.
Robin is severely wounded.
Robin misses you.
Robin hits you with a +0 falchion of electrocution.
You die...
Robin lets out a smug laugh.

##............###..######
.........)...####.#...... ..
#...###.................####..
..#####.......................
.## #.........รท...#..........
..# ##......................<.
#.# #.........................
#.###.#........###............
#.#...#........)@gg..........#
....###........)#####...#...##
#...............# ##### ##
#.....#.......###
#.....#.......#
#....##.......#
###############


You could see Robin and a hobgoblin (strong).

Vanquished Creatures
  A black bear (D:2)
  2 adders (D:2)
  A dart slug (D:1)
  5 ball pythons
  6 bats
  4 endoplasms
  5 giant cockroaches
  14 goblins
  6 hobgoblins
  2 kobolds (D:1)
  5 frilled lizards
  5 rats
56 creatures vanquished.

Notes
Turn   | Place    | Note
-------+----------+-------------------------------------------
     0 | D:1      | onwiheg the Formicid Berserker began the quest for the Orb.
     0 | D:1      | Reached XP level 1. HP: 18/18 MP: 1/1
    69 | D:1      | Reached XP level 2. HP: 23/24 MP: 2/2
   218 | D:1      | Reached skill level 4 in Maces & Flails
   218 | D:1      | Reached XP level 3. HP: 23/29 MP: 3/3
   580 | D:2      | Reached ** piety under Trog
   617 | D:2      | Reached XP level 4. HP: 35/35 MP: 4/4
   744 | D:2      | Found Feckamed's Book Emporium.
   871 | D:2      | Noticed Robin
   875 | D:2      | Reached skill level 5 in Maces & Flails
   878 | D:2      | Noticed a black bear
   901 | D:2      | Killed a black bear
   902 | D:2      | Reached skill level 6 in Maces & Flails
   902 | D:2      | Reached XP level 5. HP: 3/41 MP: 5/5
   905 | D:2      | Slain by Robin

Illustrated notes

Levels and vault maps discovered:
D:1:      roderic_dead_forest, layout_rooms
D:2:      layout_rooms, basic_altar, serial_shops, nicolae_shop_peninsula,
          uniq_robin

Skill      XL: |  1  2  3  4 |
---------------+-------------+-----
Maces & Flails | 4 6 |  6.0
Fighting       | |  3.2
Armour         | |  2.1
Dodging        | |  1.7

Action                     |  1- 3 |  4- 6 || total
---------------------------+-------+-------++-------
  Melee: Mace              |    91 |    50 ||   141
 Armour: Animal skin       |    24 |       ||    24
         Scale mail        |    30 |    25 ||    55
  Dodge: Dodged            |    68 |    68 ||   136

Table legend: (Time is in decaauts)
 A = Elapsed time spent in this place.
 B = Non-inter-level travel time spent in this place.
 C = Inter-level travel time spent in this place.
 D = Time resting spent in this place.
 E = Time spent auto-exploring this place.
 F = Levels seen in this place.
 G = Mean time per level.
                   A        B        C        D        E       F      G
               +--------+--------+--------+--------+--------+-----+--------+
         Total |    932 |    913 |     19 |      0 |    387 |   2 |  466.0 |
       Dungeon |    932 |    913 |     19 |      0 |    387 |   2 |  466.0 |
               +--------+--------+--------+--------+--------+-----+--------+

Top non-repeatable levels by time:
     D:1: 539 daAuts
     D:2: 392 daAuts
